 Dungeon Crawl Stone Soup version 0.23.2-1-ga50397a (webtiles) character file.

Game seed: 10380927645250550375

1313 sankara the Cudgeler (level 8, -6/67 (68) HPs)
             Began as a Ghoul Monk on May 4, 2019.
             Was an Elder of Ashenzari.
             Mangled by a hippogriff (7 damage)
             ... on level 7 of the Dungeon.
             The game lasted 00:27:59 (6398 turns).

sankara the Cudgeler (Ghoul Monk)                   Turns: 6398, Time: 00:28:00

HP:   -6/67 (68)    AC:  8    Str: 15    XL:     8   Next: 58%
MP:   7/7           EV: 11    Int:  7    God:    Ashenzari [****..]
Gold: 157           SH:  4    Dex: 11    Spells: 7/7 levels left

rFire    . . .     SeeInvis +   a - +0 mace
rCold    + . .     Gourm    .   d - +0 buckler (curse)
rNeg     + + +     Faith    .   r - +0 ring mail
rPois    ∞         Spirit   .   (no helmet)
rElec    .         Reflect  .   q - +1 cloak (curse)
rCorr    .         Harm     .   (no gloves)
MR       .....     Clarity  +   (no boots)
Stlth    +.........             (no amulet)
HPRegen  0.00/turn              (no ring)
MPRegen  0.10/turn              (no ring)

@: rotting
A: rotting body, claws 1, carnivore, cold resistance 1, negative energy
resistance 3, inhibited regeneration, torment resistance, unbreathing
a: Curse Item, Scrying, Renounce Religion


You were on level 7 of the Dungeon.
You worshipped Ashenzari.
Ashenzari was greatly pleased with you.
You were not hungry.

You visited 2 branches of the dungeon, and saw 8 of its levels.
You also visited: Sewer.

You collected 157 gold pieces.

Inventory:

Hand Weapons
 a - a +0 mace (weapon)
 b - a +0 hunting sling
   (You found it on level 1 of the Dungeon)
 g - a +0 dagger of venom
   (You found it on level 1 of the Dungeon)
 m - a +0 flail
   (You took it off a gnoll on level 3 of the Dungeon)
 s - a +0 whip
   (You took it off a gnoll on level 3 of the Dungeon)
 B - a +0 blowgun
   (You took it off a kobold in a sewer)
Missiles
 k - 218 stones (quivered)
 C - 23 poisoned needles
Armour
 d - a cursed +0 buckler (worn)
   (You found it on level 1 of the Dungeon)
 q - a cursed +1 cloak (worn)
   (You found it on level 2 of the Dungeon)
 r - a +0 ring mail (worn)
   (You found it on level 3 of the Dungeon)
 y - a +0 leather armour
   (You found it on level 5 of the Dungeon)
Magical Staves
 x - an uncursed staff of wizardry {wiz+, !a}
   (You found it on level 5 of the Dungeon)
Wands
 p - a wand of paralysis (13)
   (You found it on level 2 of the Dungeon)
Scrolls
 e - a scroll of blinking {unknown}
 i - a scroll of random uselessness {unknown}
 j - 4 scrolls of remove curse
 l - 2 scrolls of fear {unknown}
 o - 2 scrolls of teleportation {unknown}
 v - 2 scrolls of identify
 D - a scroll of enchant armour {unknown}
 E - a scroll of immolation {unknown}
 F - a scroll of magic mapping {unknown}
Potions
 f - a potion of berserk rage {unknown}
 h - 4 potions of heal wounds
 n - a potion of mutation {unknown}
 t - a potion of magic
 u - a potion of invisibility
 w - 2 potions of flight
 z - 4 potions of agility {unknown}
 A - 5 potions of curing {unknown}
 G - a potion of degeneration {unknown}
Comestibles
 c - 11 rations


   Skills:
 - Level 5.1 Fighting
 * Level 7.2 Maces & Flails
 + Level 4.4 Armour
 - Level 3.0 Dodging
 - Level 3.0 Stealth
 - Level 1.7(3.3) Shields


You had 7 spell levels left.
You didn't know any spells.
Your spell library was empty.

Dungeon Overview and Level Annotations

Branches:
Dungeon (7/15)             Temple (1/1) D:7

Altars:
Ashenzari
Cheibriados
Elyvilon
Fedhas
Gozag
Hepliaklqana
Kikubaaqudgha
Makhleb
Okawaru
Qazlal
Ru
Sif Muna
Trog
Uskayaw
Vehumet
Wu Jian
Xom
Yredelemnul
Zin

Shops:
D:5 (   D:6 (

Annotations:
D:3 3 runed translucent doors, Nukog's ghost, novice OgHu
D:5 1 runed translucent door, Lickle's ghost, amateur MiFi


Innate Abilities, Weirdness & Mutations

Your body is rotting away.
You thrive on raw meat.
You are immune to poison.
You have sharp fingernails.
You are carnivorous and can eat meat at any time.
Your flesh is cold resistant. (rC+)
You are immune to negative energy. (rN+++)
You do not regenerate when monsters are visible.
You are immune to unholy pain and torment.
You can survive without breathing.


Message History

Firing (i - inventory)
k - 220 stones (quivered)
Press: ? - help, Shift-Dir - straight line, f/p - hippogriff
Aim: a hippogriff (lightly wounded)
You shoot a stone. The stone hits the hippogriff.
The hippogriff is moderately wounded.
Firing (i - inventory)
k - 219 stones (quivered)
Press: ? - help, Shift-Dir - straight line, f/p - hippogriff
Aim: a hippogriff (moderately wounded)
You shoot a stone.
The stone hits the hippogriff but does no damage.
The hippogriff is moderately wounded.
a - a +0 mace (weapon)
You hit the hippogriff but do no damage.
The hippogriff is moderately wounded.
The hippogriff closely misses you.
The hippogriff pecks you but does no damage.
The hippogriff claws you.
You hit the hippogriff.
The hippogriff is moderately wounded.
The hippogriff bites you. The hippogriff pecks you.
The hippogriff claws you but does no damage.
You barely miss the hippogriff.
The hippogriff is moderately wounded.
You block the hippogriff's attack. The hippogriff pecks you.
You block the hippogriff's attack.
You barely miss the hippogriff.
The hippogriff is moderately wounded.
The hippogriff barely misses you. You block the hippogriff's attack.
The hippogriff claws you but does no damage.
You sock the hippogriff!
The hippogriff is heavily wounded.
The hippogriff bites you but does no damage.
The hippogriff pecks you. The hippogriff closely misses you.
You hit the hippogriff.
The hippogriff is severely wounded.
The hippogriff barely misses you. You block the hippogriff's attack.
The hippogriff claws you.
You closely miss the hippogriff.
The hippogriff is severely wounded.
The hippogriff barely misses you. x2; You block the hippogriff's attack.
You hit the hippogriff.
The hippogriff is severely wounded.
The hippogriff misses you. The hippogriff pecks you.
The hippogriff closely misses you.
You hit the hippogriff but do no damage.
The hippogriff is severely wounded.
The hippogriff barely misses you. x2; The hippogriff claws you.
You barely miss the hippogriff.
The hippogriff is severely wounded.
The hippogriff bites you. You block the hippogriff's attack.
The hippogriff claws you.
You hit the hippogriff but do no damage.
The hippogriff is severely wounded.
The hippogriff bites you but does no damage.
The hippogriff barely misses you.
The hippogriff claws you but does no damage.
You hit the hippogriff but do no damage.
The hippogriff is severely wounded.
You block the hippogriff's attack. The hippogriff pecks you.
The hippogriff misses you.
You hit the hippogriff.
The hippogriff is severely wounded.
You block the hippogriff's attack. The hippogriff misses you. x2
The hippogriff bites you but does no damage.
The hippogriff pecks you but does no damage.
You block the hippogriff's attack.
You barely miss the hippogriff.
The hippogriff is severely wounded.
The hippogriff bites you but does no damage.
The hippogriff closely misses you. The hippogriff claws you.
You completely miss the hippogriff.
The hippogriff is severely wounded.
The hippogriff bites you but does no damage.
The hippogriff pecks you.
* * * LOW HITPOINT WARNING * * *
The hippogriff misses you.
You hit the hippogriff but do no damage.
The hippogriff is severely wounded.
The hippogriff completely misses you.
The hippogriff pecks you but does no damage.
The hippogriff claws you but does no damage.
You barely miss the hippogriff.
The hippogriff is severely wounded.
The hippogriff bites you.
* * * LOW HITPOINT WARNING * * *
The hippogriff pecks you.
* * * LOW HITPOINT WARNING * * *
The hippogriff claws you.
* * * LOW HITPOINT WARNING * * *
You thump the hippogriff!
The hippogriff is almost dead.
The hippogriff closely misses you. The hippogriff pecks you.
* * * LOW HITPOINT WARNING * * *
The hippogriff barely misses you.
You hit the hippogriff but do no damage.
The hippogriff is almost dead.
The hippogriff bites you!
* * * LOW HITPOINT WARNING * * *
The hippogriff misses you. The hippogriff claws you!
You die...

## * * * #.#.# * * . .#
#.#.#############. .#
###............[.... .#
####..........###+###.. .#
#......#.####.#.....#.#
.##########.##.#.#.# #.#.###.#.#
>....z....z.##.#.#.####.'.#>#.'..
.#############.#...[....#.#'#.###
.# #.(@.##.####.....# # z#
#.H#.##.# ###+### .# #..#.##.#
#..## # .# #.<#.##.# ##..### z#
####.(#....# #.#.#. .#
#######.H..(###..# #.##.# ..
........###(# #..# #.##.. ((.
######### #.###..#######.##.#
##.# *** *#####..................


You could see a hippogriff.

Vanquished Creatures
  A sky beast (D:5)
  A phantom (D:7)
  An ogre (D:5)
  A centaur (D:5)
  A bullfrog (D:6)
  A big kobold (Sewer)
  A scorpion (D:5)
  A howler monkey (D:4)
  3 wights
  2 crimson imps
  3 bullfrog zombies
  2 hounds
  2 jellies (D:6)
  2 orc wizards (D:6)
  2 worker ants
  7 adders
  3 gnolls (D:3)
  A river rat (D:5)
  2 shadow imps (D:5)
  An ooze (Sewer)
  7 worms
  A dart slug (D:2)
  4 leopard geckos
  7 orcs
  9 bats
  8 giant cockroaches
  2 gnoll zombies (D:3)
  8 goblins
  3 hobgoblins
  3 jackals (D:4)
  16 kobolds
  2 quokkas
  5 ball pythons
  4 frilled lizards
  A giant cockroach zombie (D:5)
  A jackal skeleton (D:6)
  A quokka skeleton (D:6)
  8 rats
128 creatures vanquished.

Notes
Turn   | Place    | Note
-------+----------+-------------------------------------------
     0 | D:1      | sankara the Ghoul Monk began the quest for the Orb.
     0 | D:1      | Reached XP level 1. HP: 19/19 MP: 0/0
     4 | D:1      | Found a shattered altar of Ashenzari.
    25 | D:1      | Became a worshipper of Ashenzari the Shackled
    25 | D:1      | Reached * piety under Ashenzari
    25 | D:1      | Reached ** piety under Ashenzari
   104 | D:1      | Reached XP level 2. HP: 24/25 MP: 1/1
   667 | D:2      | Reached skill level 3 in Maces & Flails
   788 | D:2      | Reached XP level 3. HP: 30/30 MP: 2/2
  1091 | D:2      | HP: 6/31 [adder (4)]
  1231 | D:2      | HP: 5/31 [worm (5)]
  1533 | D:3      | Found a runed translucent gate.
  1533 | D:3      | Found a runed translucent gate.
  1533 | D:3      | Found a runed translucent gate.
  1668 | D:3      | Reached XP level 4. HP: 39/39 MP: 3/3
  1833 | D:3      | Reached skill level 3 in Dodging
  1833 | D:3      | Reached skill level 1 in Shields
  1929 | D:3      | Reached *** piety under Ashenzari
  1966 | D:3      | Reached skill level 1 in Armour
  2081 | D:3      | Noticed Nukog's ghost (novice OgHu)
  2188 | D:3      | Found a basalt altar of Yredelemnul.
  2298 | D:3      | Reached skill level 3 in Stealth
  2448 | D:4      | Reached XP level 5. HP: 37/44 MP: 4/4
  2615 | D:4      | Reached skill level 4 in Fighting
  2625 | D:4      | Reached skill level 4 in Maces & Flails
  3162 | D:5      | Entered Level 5 of the Dungeon
  3195 | D:5      | Reached XP level 6. HP: 32/52 MP: 5/5
  3248 | D:5      | Reached skill level 2 in Armour
  3258 | D:5      | HP: 7/53 [worm (9)]
  3286 | D:5      | HP: 13/53 [river rat (1)]
  3307 | D:5      | Found a glowing drain.
  3450 | Sewer    | Entered a sewer
  3667 | Sewer    | Reached skill level 5 in Maces & Flails
  3667 | Sewer    | Reached XP level 7. HP: 58/60 MP: 6/6
  3987 | D:5      | Found a runed translucent door.
  3987 | D:5      | Reached **** piety under Ashenzari
  4107 | D:5      | Found a white marble altar of Elyvilon.
  4176 | D:5      | Reached skill level 5 in Fighting
  4178 | D:5      | HP: 15/61 [shadow imp (2)]
  4290 | D:5      | Reached skill level 3 in Armour
  4463 | D:5      | Found Methuqor's Weapon Shoppe.
  4603 | D:5      | Noticed Lickle's ghost (amateur MiFi)
  4702 | D:6      | Reached skill level 6 in Maces & Flails
  4755 | D:6      | Reached XP level 8. HP: 40/68 MP: 7/7
  4913 | D:6      | Found an opulent altar of Gozag.
  4915 | D:6      | Found a bloodstained altar of Trog.
  4915 | D:6      | Found a blossoming altar of Fedhas.
  4915 | D:6      | Found a stormy altar of Qazlal.
  4916 | D:6      | Found a shattered altar of Ashenzari.
  4918 | D:6      | Found a radiant altar of Vehumet.
  4925 | D:6      | Found an iron altar of Okawaru.
  5115 | D:6      | Found Yheilyit's Antique Weapon Boutique.
  5157 | D:6      | Reached skill level 4 in Armour
  5796 | D:7      | Reached skill level 7 in Maces & Flails
  6036 | D:7      | Noticed a hippogriff
  6269 | D:7      | Found a staircase to the Ecumenical Temple.
  6282 | Temple   | Entered the Ecumenical Temple
  6396 | D:7      | HP: 16/67 [hippogriff (2)]
  6398 | D:7      | HP: 1/67 [hippogriff (7)]
  6398 | D:7      | Mangled by a hippogriff

Skill      XL: |  1  2  3  4  5  6  7  8 |
---------------+-------------------------+-----
Maces & Flails | 3 4 5 6 7 |  7.2
Dodging        | 3 |  3.0
Shields        | 1 |  1.7
Armour         | 1 2 3 4 |  4.4
Stealth        | 3 |  3.0
Fighting       | 4 5 |  5.1

Action                   |  1- 3 |  4- 6 |  7- 9 || total
-------------------------+-------+-------+-------++-------
Melee: Mace              |    69 |   200 |   336 ||   605
 Fire: Hunting sling     |    41 |    66 |    94 ||   201
Throw: Stone             |       |     2 |     2 ||     4
Invok: Curse Item        |     2 |       |       ||     2
Evoke: Wand              |       |     1 |     4 ||     5
  Use: Scroll            |       |     4 |       ||     4
 Stab: Sleeping          |     1 |       |       ||     1
       Paralysed         |       |     5 |     2 ||     7
  Eat: Chunk             |    16 |    20 |    25 ||    61
Armor: Robe              |    15 |       |       ||    15
       Ring mail         |       |    79 |   113 ||   192
Dodge: Dodged            |    48 |   118 |   176 ||   342
Block: Buckler           |    16 |    49 |    69 ||   134

Levels and vault maps discovered:
D:1:      minmay_arrival_five_plusses, layout_basic, ashenzari_altar_1
D:2:      layout_basic
D:3:      layout_loops_ring, lemuel_zombie_altar_yredelemnul, first_ration,
          gammafunk_ghost_icy
D:4:      layout_loops_ring, eino_small_chamber_without_monster
D:5:      layout_basic, elyvilon_altar_5, serial_shops, shop,
          cheibrodos_sewer_entry_sluice, ebering_ghost_reflecting_pool,
          dk_noncrumbling_2, minivault_27
D:6:      layout_loops_ring, minitemple, serial_shops, nicolae_shop_waterfront
D:7:      layout_loops_ring, kennysheep_little_box,
          minmay_temple_entry_glassed_door
Temple:   zaba_magenta_temple
Sewer:    kennysheep_pipe_town

Table legend:
 A = Turns spent in this place as a percentage of turns spent in the entire game.
 B = Non-inter-level travel turns spent in this place as a percentage of non-inter-level travel turns spent in the entire game.
 C = Inter-level travel turns spent in this place as a percentage of turns spent in this place.
 D = Turns resting spent in this place as a percentage of non-inter-level travel turns spent in this place.
 E = Turns spent auto-exploring this place as a percentage of non-inter-level travel turns spent in this place.
 F = Non-inter-level travel turns spent in this place divided by the number of levels of this place that you've seen.
                   A       B       C       D       E      F
               +-------+-------+-------+-------+-------+----------------------
         Total | 100.0 | 100.0 |   4.6 |  10.2 |  60.4 | 678.4
       Dungeon |  91.7 |  91.6 |   4.7 |  10.6 |  61.6 | 799.3
        Temple |   1.2 |   1.0 |  23.1 |   0.0 |  96.7 |  60.0
         Sewer |   7.0 |   7.4 |   0.0 |   7.1 |  40.4 | 451.0
               +-------+-------+-------+-------+-------+----------------------

Table legend:
 A = Kills in this place as a percentage of kills in entire the game.
 B = Kills by you in this place as a percentage of kills by you in the entire game.
 C = Kills by friends in this place as a percentage of kills by friends in the entire game.
 D = Other kills in this place as a percentage of other kills in the entire game.
 E = Experience gained in this place as a percentage of experience gained in the entire game.
 F = Experience gained in this place divided by the number of levels of this place that you have seen.
                   A       B       C       D       E      F
               +-------+-------+-------+-------+-------+----------------------
         Total | 100.0 | 100.0 |   N/A |   N/A | 100.0 | 208.4
       Dungeon |  81.2 |  81.2 |   N/A |   N/A |  93.2 | 249.9
         Sewer |  18.8 |  18.8 |   N/A |   N/A |   6.8 | 127.0
               +-------+-------+-------+-------+-------+----------------------
